 Dungeon Crawl Stone Soup version 0.21-a0-338-g36cf2fc (webtiles) character file.

612136 EvilAshe the Conqueror (level 27, -10/372 (373) HPs)
             Began as a Barachi Berserker on Oct 3, 2017.
             Was an Elder of Trog.
             Mangled by an azure jelly (13 damage)
             ... created by the Royal Jelly
             ... on level 5 of the Pits of Slime on Oct 4, 2017.
             The game lasted 04:40:53 (73916 turns).

EvilAshe the Conqueror (Barachi Berserker)         Turns: 73916, Time: 04:40:54

HP:   -10/372 (373) AC: 32    Str: 42    XL:     27
MP:   35/35         EV: 30    Int:  8    God:    Trog [****..]
Gold: 6214          SH:  3    Dex: 22    Spells: 26/26 levels left

rFire    + + .     SeeInvis .   b - +7 triple sword (slice)
rCold    + + .     Gourm    .   (shield currently unavailable)
rNeg     . . .     Faith    .   v - +4 gold dragon scales
rPois    +         Spirit   .   (no helmet)
rElec    .         Reflect  +   L - +1 cloak {+Inv}
rCorr    +         Harm     .   Y - +2 pair of gloves
MR       ++++.     Rnd*Rage +   F - +0 pair of boots of Tybbehar {rF+ MR+ rCorr} (curse)
Stlth    ..........             z - amulet of the Chupacabra {Reflect rPois Int+3 SH+3}
HPRegen  0.00/turn              V - ring of Lies {MR+ Str+5 Stlth+}
MPRegen  0.24/turn              s - ring of the Postmodern Souls {+Blink rC+ Dex+5}

@: mighty, agile, berserking, corroded, hasted, quick
A: +LOS, swims, berserk 1, blurry vision 3, clumsy 1, dopey 1, mutation
resistance 1, screaming 1, slowness 1, inhibited regeneration, strong 1, sturdy
frame 1, strong legs 2
}: 4/15 runes: barnacled, silver, abyssal, gossamer
a: Hop, Berserk, Trog's Hand, Brothers in Arms, Burn Spellbooks, Renounce
Religion, Evoke Blink, Evoke Invisibility


You were on level 5 of the Pits of Slime.
You worshipped Trog.
Trog was greatly pleased with you.
You were full.

You visited 8 branches of the dungeon, and saw 46 of its levels.
You visited the Abyss 1 time.
You also visited: Labyrinth, Ossuary, Volcano and Wizlab.

You collected 7450 gold pieces.
You spent 1236 gold pieces at shops.

Inventory:

Hand Weapons
 a - a +4 antimagic triple sword
 b - a +7 triple sword of slicing (weapon)
 A - a +3 great sword of flaming
Missiles
 q - 1153 stones
 N - 5 javelins of penetration (quivered)
Armour
 k - the +1 helmet of Fallacy {-Cast rElec rC+ rN+}
   (You found it on level 2 of the Spider Nest)

   It protects you from cold.
   It insulates you from electricity.
   It protects you from negative energy.
   It prevents spellcasting.
 v - +4 gold dragon scales (worn)
 F - the cursed +0 pair of boots of Tybbehar (worn) {rF+ MR+ rCorr}
   (You found it on level 3 of the Spider Nest)

   It protects you from fire.
   It affects your resistance to hostile enchantments.
   It protects you from acid and corrosion.
   It has a curse placed upon it.
 L - a +1 cloak of invisibility (worn)
 Y - a +2 pair of gloves (worn)
Jewellery
 o - an uncursed ring of positive energy
 r - an uncursed ring of flight
 s - the ring of the Postmodern Souls (right hand) {+Blink rC+ Dex+5}
   (You found it in a labyrinth)

   [ring of dexterity]

   It affects your dexterity (+5).
   It protects you from cold.
   It lets you blink.
 z - the amulet of the Chupacabra (around neck) {Reflect rPois Int+3 SH+3}
   (You found it on level 2 of the Depths)

   [amulet of reflection]

   It shields you and reflects attacks.
   It affects your intelligence (+3).
   It protects you from poison.
   It affects your SH (+3).
 I - an uncursed ring of protection from fire
 M - the ring of Ric Xeba {Str+3 Dex-5 SInv}
   (You found it on level 5 of the Depths)

   [ring of see invisible]

   It affects your strength (+3).
   It affects your dexterity (-5).
   It lets you see invisible.
 V - the ring of Lies (left hand) {MR+ Str+5 Stlth+}
   (You acquired it on level 3 of the Depths)

   [ring of strength]

   It affects your strength (+5).
   It affects your resistance to hostile enchantments.
   It makes you more stealthy.
Wands
 d - a wand of confusion (15/48)
 n - a wand of acid (11/15)
 t - a wand of digging (5/24)
 G - a wand of acid (7/15)
 K - a wand of digging (13/24)
Scrolls
 e - 3 scrolls of teleportation
 f - 7 scrolls of blinking
 h - 15 scrolls of remove curse
 l - 9 scrolls of recharging
 m - 7 scrolls of fog
 y - 4 scrolls of fear
 J - 5 scrolls of identify
 P - a scroll of magic mapping
 Q - 3 scrolls of holy word
 X - a scroll of silence
Potions
 i - 12 potions of ambrosia
 p - 4 potions of resistance
 u - 3 potions of agility
 w - 2 potions of might
 x - a potion of cancellation
 B - 2 potions of berserk rage
 C - 3 potions of magic
 E - 5 potions of haste
 H - a potion of invisibility
 R - 11 potions of curing
 U - a potion of heal wounds
Books
 S - a book of Alchemy

   Spells                             Type                      Level
   a - Sublimation of Blood           Necromancy                   2
   b - Ignite Poison                  Fire/Transmutation/Poison    3
   c - Petrify                        Transmutation/Earth          4
   d - Alistair's Intoxication        Transmutation/Poison         5
   e - Irradiate                      Conjuration/Transmutation    5
   Trog disapproves of the use of such an item.
Miscellaneous
 g - a phial of floods
 D - a lamp of fire
 Z - a phantom mirror
Comestibles
 c - 26 bread rations
 j - 40 royal jellies
 O - 9 meat rations


   Skills:
 O Level 27 Fighting
 - Level 24.0 Long Blades
 O Level 27 Armour
 * Level 19.9 Dodging
 + Level 17.6 Evocations


You had 26 spell levels left.
You didn't know any spells.

Dungeon Overview and Level Annotations

Branches:
Dungeon (15/15)            Temple (0/1) D:5            Lair (6/6) D:10
 Shoals (4/4) Lair:3       Spider (4/4) Lair:3        Slime (5/5) Lair:6
    Orc (2/2) D:9             Elf (0/3) Orc:2        Vaults (5/5) D:13
  Crypt (0/3) Vaults:2     Depths (5/5) D:15            Zot (0/5) Depths:5

Altars:
Ashenzari
Cheibriados
Dithmenos
Hepliaklqana
Kikubaaqudgha
Makhleb
Qazlal
Ru
Vehumet
Wu Jian
Yredelemnul
The Shining One
Beogh
Jiyva

Shops:
D:10 :   D:12 *   Orc:2 *!(}   Shoals:2 *:   Vaults:1 ![[=   Vaults:2 *
Vaults:5 =[!*?!   Depths:1 :   Depths:5 =:

Portals:
Hell: Depths:1 Depths:2 Depths:3 Depths:4 Depths:5
Abyss: Depths:3 Depths:4
Pandemonium: Depths:2 Depths:3 Depths:4 Depths:5
Ziggurat: Depths:4
Trove: Depths:4 (give +3 storm dragon scales)

Annotations:
D:7 Alinoe's ghost, novice SpEn


Innate Abilities, Weirdness & Mutations

Shadows flee at your approach. (+LOS)
You can swim through water.
You cover ground slowly.
You can hop longer distances.
You tend to lose your temper in combat.
Scrolls take you much longer to read.
You are clumsy. (Dex -2)
You are dopey. (Int -2)
You are somewhat resistant to further mutation.
You occasionally shout uncontrollably at your foes.
You do not regenerate when monsters are visible.
Your muscles are strong. (Str +2)
Your movements are slightly less encumbered by armour. (ER -2)


Message History

The azure jelly hits you but does no damage.
The azure jelly completely misses you.
You are too berserk!
You are too berserk!
You slash the azure jelly!
The azure jelly is almost dead.
The azure jelly hits you but does no damage.
The azure jelly closely misses you. The azure jelly misses you.
The azure jelly hits you but does no damage.
The acid blob completely misses you.
The acid blob hits you but does no damage.
The acid blob spits acid at you. The splash of acid hits you! You resist.
* * * LOW HITPOINT WARNING * * *
You are splashed with acid!
The acid burns!
You resist.
* * * LOW HITPOINT WARNING * * *
The azure jelly hits you.
* * * LOW HITPOINT WARNING * * *
The azure jelly freezes you! You resist.
You die...

#.................###=[ ##.
##.................##!}/##..
##.................##?|φ)?#.#
#................J###?)|[##..
#..................###$[#)##.
##.................#########..
#............J......#...#.....
###..........JJJ.......#...#.._
#...........JJ@J.....########..
#...........JJJJ....####?(#:##.
##............J.....###?(|$##..
#....................##?|$[)#.#
#.#....................##()$##..
####...................###!? ##.
##...................###$ #..
#....................#####.#
#......................##..#


You could see 4 acid blobs, 5 azure jellies and 4 death oozes.

Vanquished Creatures
  the Royal Jelly (Slime:5)
  Mennas (Depths:4)
  2 juggernauts (Depths:5)
  Sojobo (Depths:4)
  Bai Suzhen (Vaults:3)
  A caustic shrike (Depths:5)
  Xtahua (Depths:4)
  Nikola (Vaults:1)
  4 golden dragons
  A bone dragon (Abyss:4)
  Arachne (Spider:2)
  4 tentacled monstrosities
  6 liches
  9 titans
  29 acid blobs
  A quicksilver dragon (Vaults:5)
  A sphinx (shapeshifter) (Vaults:5)
  An acid blob (shapeshifter) (Vaults:5)
  4 sphinxes
  8 tentacled starspawn
  2 thorn hunters (Depths:4)
  A kraken (Shoals:4)
  11 tengu reavers
  7 storm dragons
  3 shadow dragons
  Ilsuiw (Shoals:4)
  A revenant (Abyss:4)
  10 fire giants
  5 deep elf sorcerers
  2 draconian knights (Depths:5)
  20 azure jellies
  5 iron dragons
  20 frost giants
  4 orc warlords
  14 vault wardens
  13 emperor scorpions
  Aizul (Lair:3)
  A draconian scorcher (Depths:5)
  3 ghost moths (Spider:4)
  2 balrugs
  Louise (Spider:3)
  An angel (Abyss:4)
  A ghoul (Vaults:2)
  18 ironheart preservers
  4 war gargoyles (Vaults:5)
  34 very ugly things
  A vampire knight (Vaults:2)
  5 spriggan defenders
  23 stone giants
  An ophan (Abyss:4)
  4 entropy weavers
  5 deep elf annihilators
  2 deep elf demonologists
  8 spark wasps
  A lorocyproca (Depths:4)
  A white draconian (Abyss:4)
  A spark wasp (shapeshifter) (Vaults:5)
  6 merfolk javelineers
  An eidolon (Abyss:1)
  7 deep elf death magi
  Snorg (Orc:2)
  10 death oozes
  13 merfolk impalers
  10 ettins
  9 fire dragons
  Josephine (Orc:2)
  A fire dragon (shapeshifter) (Depths:5)
  Harold (Orc:1)
  3 deep elf high priests (Vaults:5)
  Fannar (Orc:2)
  14 great orbs of eyes
  12 yaktaur captains
  A minotaur (Lab)
  26 vault guards
  14 ice dragons
  10 rakshasas
  5 hydras
  Erolcha (D:13)
  12 centaur warriors
  A catoblepas (Lair:6)
  3 death knights
  A spriggan air mage (Depths:5)
  8 merfolk aquamancers
  8 death yaks
  2 merfolk avatars (Shoals:4)
  13 ogre magi
  4 vampire magi
  A satyr (Shoals:4)
  51 two-headed ogres
  6 deep troll earth magi
  An alligator snapping turtle (Shoals:4)
  4 tengu warriors
  Urug (Orc:1)
  3 hell hogs
  9 thrashing horrors (Abyss:4)
  7 orc high priests
  9 deep troll shamans
  12 large abominations
  5 spriggan berserkers
  A shock serpent (shapeshifter) (Depths:4)
  A soul eater (Depths:3)
  Sonja (D:14)
  6 wretched stars
  8 deep elf knights
  2 sun demons
  25 hell knights
  A salamander mystic (Depths:3)
  A shadow wraith (Vaults:5)
  3 spatial maelstroms (Abyss:4)
  A skeletal warrior (Vaults:3)
  2 iron trolls (Depths:5)
  3 sixfirhies
  A fire crab (Abyss:4)
  6 sea snakes
  A ghost moth zombie (Abyss:4)
  30 deep trolls
  8 glowing orange brains
  A death drake (shapeshifter) (Vaults:2)
  4 wizards
  3 harpies (Vaults:3)
  7 flayed ghosts
  8 deep elf archers
  A lindwurm (Lair:2)
  13 ironbrand convokers
  4 phantasmal warriors
  50 wolf spiders
  22 orc knights
  32 deep elf magi
  14 orb spiders
  5 orc sorcerers
  Pikel (D:5)
  4 necromancers
  2 wolf spider zombies
  10 cyclopes
  A wolf spider (shapeshifter) (Vaults:5)
  54 ugly things
  11 manticores
  7 shining eyes
  3 worldbinders (Abyss:4)
  A salamander (shapeshifter) (D:14)
  7 oklob plants
  9 fauns
  A moth of wrath (shapeshifter) (Vaults:5)
  3 moths of wrath
  4 salamanders (Depths:3)
  A black mamba (shapeshifter) (Vaults:4)
  10 vault sentinels
  A guardian serpent (shapeshifter) (Vaults:1)
  2 apocalypse crabs (Abyss:4)
  6 black mambas
  4 merfolk sirens (Shoals:4)
  A rust devil (Depths:4)
  8 water nymphs
  8 elephants
  3 eyes of devastation
  2 guardian serpents (Depths:5)
  21 spiny frogs
  5 smoke demons
  5 torpor snails
  2 molten gargoyles (Volcano)
  2 orange demons (Abyss:4)
  2 centaur skeletons (D:15)
  2 efreet (D:13)
  2 hellions (Abyss:4)
  43 yaktaurs
  2 rime drakes
  16 small abominations
  9 ancient zymes
  13 demonic crawlers
  An ice devil (Depths:4)
  A kobold demonologist (D:13)
  2 tengu conjurers
  A hellwing (Abyss:4)
  9 freezing wraiths
  A queen bee (D:9)
  A red devil (Abyss:4)
  11 komodo dragons
  32 jumping spiders
  6 trolls
  2 tyrant leeches (Lair:6)
  A polar bear (shapeshifter) (Depths:1)
  16 hornets
  A hornet (shapeshifter) (Depths:2)
  38 merfolk
  A polar bear (Lair:4)
  81 slime creatures
  2 wind drakes (Shoals:2)
  A meliai zombie (D:15)
  A blink frog (shapeshifter) (Vaults:3)
  3 snapping turtles
  5 dream sheep
  23 raiju (Abyss:4)
  The ghost of haldagan the Skirmisher, an amateur OgMo (D:3)
  20 blink frogs
  8 hippogriffs
  18 starcursed masses
  52 redbacks
  3 shadows
  Sigmund (D:6)
  16 spriggans
  27 tarantellas
  3 wyverns
  6 flying skulls (Abyss:4)
  A vampire (D:11)
  4 ynoxinuls
  A spriggan (shapeshifter) (Vaults:1)
  25 water elementals
  10 wraiths
  A human (shapeshifter) (Vaults:2)
  7 basilisks
  5 fire elementals
  6 hungry ghosts
  Eustachio (D:4)
  46 yaks
  4 chaos spawn
  9 golden eyes
  A spatial vortex (Abyss:4)
  2 steam dragons (Volcano)
  2 fire bats (Volcano)
  A basilisk (shapeshifter) (Abyss:1)
  6 neqoxecs
  14 vampire mosquitoes
  4 insubstantial wisps (Abyss:4)
  12 wargs
  Edmund (D:5)
  12 water moccasins
  A soldier ant (D:12)
  Duvessa (D:5)
  2 floating eyes (Depths:5)
  12 hell hounds
  50 orc warriors
  12 porcupines
  A swamp drake (shapeshifter) (Vaults:5)
  3 ice beasts
  3 slaves (D:5)
  A black bear (shapeshifter) (Vaults:4)
  2 black bears
  A necrophage (D:7)
  3 sky beasts
  An ice dragon simulacrum (Abyss:4)
  50 ogres
  3 phantoms
  A boggart (shapeshifter) (Vaults:2)
  6 eyes of draining
  14 wolves
  11 boggarts
  20 centaurs
  10 crocodiles
  21 bullfrogs
  A big kobold (D:10)
  3 elf zombies (Ossuary)
  A gnoll sergeant (D:11)
  Dowan (D:5)
  30 scorpions
  A human simulacrum (Vaults:2)
  23 killer bees (D:9)
  4 electric eels
  4 wights (D:8)
  2 vampire bats (D:4)
  3 howler monkeys
  6 crimson imps
  6 centaur zombies
  9 jellies
  6 quasits
  10 lava snakes
  9 hounds
  15 orc wizards
  A bullfrog zombie (D:6)
  3 human zombies (Ossuary)
  32 orc priests
  An iron imp (Depths:4)
  2 bullfrog skeletons
  3 iguanas
  Jessica (D:1)
  6 hell rats
  4 worker ants
  4 big kobold zombies (Ossuary)
  2 ogre zombies (D:13)
  A hound zombie (D:10)
  A hound skeleton (D:4)
  3 mummies (Ossuary)
  2 worker ant zombies
  10 gnolls
  A howler monkey skeleton (D:6)
  5 river rats
  17 adders
  2 shadow imps
  2 white imps
  3 ufetubi
  7 oozes
  2 adder skeletons
  4 adder zombies
  A worm (D:3)
  A dart slug (D:1)
  5 leopard geckos
  101 orcs
  3 bat skeletons (D:4)
  2 bat zombies (D:4)
  A giant cockroach (D:4)
  2 gnoll zombies (Ossuary)
  8 goblins
  9 hobgoblins
  9 jackals
  6 quokkas
  7 bats
  5 frilled lizards
  4 goblin zombies (Ossuary)
  5 hobgoblin zombies (Ossuary)
  A jackal zombie (Ossuary)
  17 kobolds
  7 kobold zombies (Ossuary)
  3 quokka skeletons
  A quokka zombie (D:5)
  13 rats
  5 rat zombies (Ossuary)
  A spectral orc (D:5)
  A fire vortex (Depths:3)
  10 starspawn tentacles
  4 tentacles (Shoals:4)
2460 creatures vanquished.

Vanquished Creatures (collateral kills)
  Dissolution (Lair:6)
  An acid blob (Slime:5)
  2 tentacled starspawn (Abyss:4)
  A frost giant (Vaults:5)
  A vault warden (Vaults:2)
  An ironheart preserver (Vaults:2)
  A very ugly thing (Depths:1)
  An entropy weaver (Spider:2)
  Azrael (Lair:3)
  A stone giant (Vaults:5)
  2 death oozes (Slime:5)
  A spark wasp (Depths:1)
  3 ettins
  A fire dragon (Depths:1)
  A yaktaur captain (Vaults:5)
  An ice dragon (Vaults:5)
  12 vault guards
  2 two-headed ogres (Vaults:1)
  An ogre mage (Vaults:1)
  A hell knight (Vaults:5)
  A wretched star (Abyss:4)
  A deep troll (Vaults:5)
  A lindwurm (shapeshifter) (Vaults:5)
  A phantasmal warrior (Vaults:5)
  2 ironbrand convokers
  6 ugly things (Vaults:1)
  2 orb spiders
  3 wolf spiders
  2 vault sentinels
  A smoke demon (Abyss:4)
  2 yaktaurs
  2 demonic crawlers
  A freezing wraith (Vaults:5)
  A tengu conjurer (Depths:1)
  3 jumping spiders
  7 tarantellas
  A water elemental (Depths:1)
  9 redbacks
  An orc warrior (Vaults:5)
  4 ogres (Vaults:1)
  A small abomination (Abyss:4)
  A bullfrog (D:11)
  4 scorpions (Spider:2)
  4 starcursed masses (Abyss:4)
  2 orcs (Vaults:5)
99 creatures vanquished.

Vanquished Creatures (others)
  A sphinx (Depths:2)
  An ogre mage (Vaults:3)
  A shadow wraith (Vaults:5)
  2 redbacks
  An insubstantial wisp (Abyss:4)
  An orc warrior (Vaults:5)
  An ogre (Depths:4)
  A wyvern skeleton (D:13)
  5 orcs
  3 briar patches (Depths:4)
  3 fungi
  69 plants
  25 starspawn tentacles
  13 tentacles (Shoals:4)
127 creatures vanquished.

Grand Total: 2686 creatures vanquished

Notes
Turn   | Place    | Note
-------+----------+-------------------------------------------
     0 | D:1      | EvilAshe the Barachi Berserker began the quest for the Orb.
     0 | D:1      | Reached XP level 1. HP: 18/18 MP: 1/1
   103 | D:1      | Reached XP level 2. HP: 25/25 MP: 2/2
   797 | D:1      | Reached XP level 3. HP: 27/30 MP: 3/3
  1180 | D:2      | Noticed Jessica
  1203 | D:1      | Killed Jessica
  1203 | D:1      | Reached skill level 5 in Long Blades
  1203 | D:1      | Reached XP level 4. HP: 32/38 MP: 4/4
  1319 | D:2      | Reached ** piety under Trog
  1491 | D:2      | Found a snail-covered altar of Cheibriados.
  1550 | D:2      | Reached XP level 5. HP: 30/43 MP: 5/5
  2260 | D:3      | Reached skill level 5 in Fighting
  2408 | D:3      | Noticed haldagan's ghost (amateur OgMo)
  2711 | D:3      | Killed haldagan's ghost
  2711 | D:3      | Reached XP level 6. HP: 38/52 MP: 6/6
  3746 | D:4      | Found an ancient bone altar of Kikubaaqudgha.
  3752 | D:4      | Reached XP level 7. HP: 57/58 MP: 7/7
  3850 | D:5      | Entered Level 5 of the Dungeon
  3850 | D:5      | Found a staircase to the Ecumenical Temple.
  3859 | D:4      | Reached *** piety under Trog
  3906 | D:5      | Noticed Dowan
  3906 | D:5      | Noticed Duvessa
  4016 | D:5      | Killed Duvessa
  4082 | D:5      | Killed Dowan
  4225 | D:5      | Noticed Eustachio
  4277 | D:4      | Killed Eustachio
  4277 | D:4      | Reached XP level 8. HP: 66/67 MP: 8/8
  4308 | D:5      | Noticed Pikel
  4884 | D:5      | Killed Pikel
  4884 | D:5      | Reached skill level 10 in Long Blades
  4912 | D:5      | Noticed Edmund
  4957 | D:5      | Killed Edmund
  4971 | D:5      | Found a sacrificial altar of Ru.
  5075 | D:5      | Found a basalt altar of Yredelemnul.
  5238 | D:6      | Found a radiant altar of Vehumet.
  5240 | D:6      | Noticed Sigmund
  5271 | D:6      | Killed Sigmund
  5271 | D:6      | Reached XP level 9. HP: 65/75 MP: 9/9
  5371 | D:6      | Found a sand-covered staircase.
  5386 | Ossuary  | Entered an ossuary
  5634 | Ossuary  | Reached **** piety under Trog
  6123 | D:6      | Found a stormy altar of Qazlal.
  6286 | D:7      | Reached skill level 5 in Armour
  6375 | D:7      | Found a sacrificial altar of Ru.
  6573 | D:7      | Noticed Alinoe's ghost (novice SpEn)
  6860 | D:8      | Reached skill level 10 in Fighting
  6928 | D:8      | Reached XP level 10. HP: 40/85 MP: 10/10
  7142 | D:8      | Noticed a two-headed ogre
  7155 | D:8      | Killed a two-headed ogre
  7316 | D:8      | Noticed a two-headed ogre
  7327 | D:8      | Killed a two-headed ogre
  7401 | D:8      | Noticed a two-headed ogre
  7418 | D:8      | Killed a two-headed ogre
  7570 | D:8      | Found a hazy altar of Hepliaklqana.
  7576 | D:8      | Found a shadowy altar of Dithmenos.
  7623 | D:7      | Found a burning altar of Makhleb.
  7813 | D:9      | Found a transporter.
  7857 | D:9      | Found a transporter.
  7918 | D:9      | Found a shattered altar of Ashenzari.
  7935 | D:9      | Reached skill level 1 in Evocations
  8569 | D:9      | Reached XP level 11. HP: 75/93 MP: 12/12
  8896 | D:9      | Noticed an ogre mage
  8911 | D:9      | Found an ornate altar of the Wu Jian Council.
  8923 | D:9      | Found a staircase to the Orcish Mines.
  9175 | D:9      | Killed an ogre mage
  9228 | D:10     | Entered Level 10 of the Dungeon
  9228 | D:10     | Found a staircase to the Lair.
  9228 | D:10     | Noticed a death yak
  9230 | D:10     | Noticed a death yak
  9248 | D:9      | Killed a death yak
  9312 | D:10     | Noticed a death yak
  9347 | D:9      | Killed a death yak
  9456 | D:9      | Killed a death yak
  9456 | D:9      | Reached skill level 5 in Evocations
  9498 | D:10     | Reached skill level 10 in Armour
  9671 | D:10     | Found Welep's Book Boutique.
 10053 | D:10     | Reached XP level 12. HP: 95/103 MP: 16/16
 10195 | D:10     | Reached ***** piety under Trog
 10888 | D:11     | Found a glowing golden altar of the Shining One.
 10988 | D:11     | Noticed a two-headed ogre
 11001 | D:11     | Killed a two-headed ogre
 11912 | D:12     | Noticed a two-headed ogre
 11932 | D:12     | Killed a two-headed ogre
 12210 | D:12     | Found Keihy's General Store.
 12403 | D:12     | Got an ebony flail
 13320 | D:13     | Noticed a two-headed ogre
 13337 | D:13     | Killed a two-headed ogre
 13337 | D:13     | Gained mutation: You can hop longer distances. [Barachi growth]
 13337 | D:13     | Reached XP level 13. HP: 96/113 MP: 19/19
 13512 | D:13     | Noticed a vault guard
 13528 | D:13     | Killed a vault guard
 13544 | D:13     | Found a gate to the Vaults.
 13603 | D:13     | Identified the +8 flail of the Sneaky Lies {chaos, rF+} (You found it on level 12 of the Dungeon)
 13772 | D:13     | Received a gift from Trog
 13844 | D:13     | Noticed Erolcha
 13854 | D:13     | Killed Erolcha
 13858 | D:13     | Reached skill level 5 in Dodging
 14408 | D:13     | Reached skill level 10 in Evocations
 14861 | D:14     | Noticed a rakshasa
 14873 | D:14     | Killed a rakshasa
 14893 | D:14     | Noticed Sonja
 14906 | D:14     | Killed Sonja
 14906 | D:14     | Reached skill level 15 in Fighting
 15287 | D:14     | Received a gift from Trog
 15294 | D:14     | Got an iridescent great sword {god gift}
 15353 | D:14     | Noticed a green very ugly thing
 15383 | D:14     | Killed a green very ugly thing
 15388 | D:14     | Reached XP level 14. HP: 51/123 MP: 20/22
 15999 | D:15     | Entered Level 15 of the Dungeon
 15999 | D:15     | Found a staircase to the Depths.
 15999 | D:15     | Noticed a fire giant
 16310 | D:15     | Paralysed by an ogre mage for 3 turns
 16759 | D:15     | Received a gift from Trog
 17401 | D:15     | Killed a fire giant
 17785 | Lair:1   | Entered Level 1 of the Lair of Beasts
 18266 | Lair:1   | Found a dark tunnel.
 18278 | Lair:1   | Identified the +1 great sword of Ogaud {slice, SInv} (Trog gifted it to you on level 14 of the Dungeon)
 18281 | Volcano  | Entered a volcano
 18521 | Volcano  | Found a bloodstained altar of Trog.
 20904 | Lair:3   | Reached XP level 15. HP: 132/132 MP: 23/23
 20969 | Lair:3   | Reached skill level 15 in Armour
 21064 | Lair:3   | Found a staircase to the Shoals.
 21135 | Lair:3   | Found a hole to the Spider Nest.
 21944 | Lair:4   | Reached skill level 10 in Dodging
 22169 | Lair:4   | Received a gift from Trog
 23415 | Lair:5   | Found a labyrinth entrance.
 23453 | Lab      | Entered a labyrinth
 23680 | Lab      | Got a clouded bone ring
 23681 | Lab      | Identified the ring of the Postmodern Souls {+Blink rC+ Dex+5} (You found it in a labyrinth)
 24784 | Lair:6   | Entered Level 6 of the Lair of Beasts
 24932 | Lair:6   | Received a gift from Trog
 25021 | Lair:6   | Found a viscous altar of Jiyva.
 25023 | Lair:6   | Found a staircase to the Slime Pits.
 25230 | Lair:6   | Reached XP level 16. HP: 104/143 MP: 24/24
 26385 | Spider:1 | Entered Level 1 of the Spider Nest
 26852 | Spider:1 | Received a gift from Trog
 26858 | Spider:1 | Noticed Aizul
 27140 | Lair:3   | Killed Aizul
 27622 | Spider:1 | Noticed Azrael
 27840 | Lair:3   | Killed Azrael
 28347 | Spider:1 | Got a pair of distressingly furry boots
 29435 | Spider:2 | Received a gift from Trog
 29699 | Spider:2 | Reached XP level 17. HP: 80/151 MP: 25/25
 29798 | Spider:2 | Noticed Arachne
 29815 | Spider:2 | Killed Arachne
 30323 | Spider:2 | Identified the +2 pair of boots "Ydgheniuk" {MR+} (You found it on level 1 of the Spider Nest)
 31364 | Spider:2 | Got a spiked helmet
 31460 | Spider:3 | Got a pair of pitted boots
 31479 | Spider:3 | Identified the +1 helmet of Fallacy {-Cast rElec rC+ rN+} (You found it on level 2 of the Spider Nest)
 32348 | Spider:4 | Entered Level 4 of the Spider Nest
 32348 | Spider:4 | Noticed Louise
 32373 | Spider:3 | Killed Louise
 33065 | Spider:4 | Received a gift from Trog
 34383 | Spider:4 | Reached XP level 18. HP: 162/162 MP: 26/26
 34753 | Spider:4 | Got a gossamer rune of Zot
 35005 | Orc:1    | Entered Level 1 of the Orcish Mines
 35005 | Orc:1    | Noticed Harold
 35021 | Orc:1    | Killed Harold
 35114 | Orc:2    | Entered Level 2 of the Orcish Mines
 35325 | Orc:1    | Noticed Josephine
 35325 | Orc:1    | Noticed Fannar
 35346 | Orc:2    | Killed Fannar
 35392 | Orc:1    | Noticed Urug
 35397 | Orc:2    | Killed Josephine
 35438 | Orc:1    | Killed Urug
 35857 | Orc:2    | Found a staircase to the Elven Halls.
 35944 | Orc:2    | Found a roughly hewn altar of Beogh.
 36461 | Orc:2    | Noticed Snorg
 36476 | Orc:2    | Killed Snorg
 36901 | Orc:2    | Found Wumubayn's Assorted Antiques.
 36903 | Orc:2    | Found Muovejai's Antique Weapon Shoppe.
 36903 | Orc:2    | Found Ijiomyd's Distillery.
 36904 | Orc:2    | Found Ythrumm's Gadget Shoppe.
 36913 | Orc:2    | Bought a potion of heal wounds for 65 gold pieces
 36913 | Orc:2    | Bought a potion of haste for 130 gold pieces
 37373 | Orc:1    | Received a gift from Trog
 37643 | Shoals:1 | Entered Level 1 of the Shoals
 37702 | Shoals:1 | Reached skill level 15 in Long Blades
 38626 | Shoals:2 | Found Coto's Book Shoppe.
 38645 | Shoals:2 | Found Jutrog's General Store.
 38648 | Shoals:2 | Bought a scroll of blinking for 97 gold pieces
 39911 | Shoals:4 | Entered Level 4 of the Shoals
 40499 | Shoals:4 | Identified the cursed +0 pair of boots of Tybbehar {rF+ MR+ rCorr} (You found it on level 3 of the Spider Nest)
 40835 | Shoals:4 | Noticed Ilsuiw
 40883 | Shoals:4 | Received a gift from Trog
 40930 | Shoals:4 | Killed Ilsuiw
 41263 | Shoals:4 | Reached XP level 19. HP: 137/171 MP: 9/27
 43918 | Shoals:4 | Got a barnacled rune of Zot
 44173 | Vaults:1 | Entered Level 1 of the Vaults
 44204 | Vaults:1 | Received a gift from Trog
 44663 | Vaults:1 | Found Zexaug's Jewellery Emporium.
 45136 | Vaults:1 | Noticed Nikola
 45153 | Vaults:1 | Killed Nikola
 45176 | Vaults:1 | Found Xauluoho's Antique Armour Shoppe.
 45866 | Vaults:1 | Found Vulle Jomn's Distillery.
 45875 | Vaults:1 | Bought a potion of haste for 120 gold pieces
 45875 | Vaults:1 | Bought a potion of haste for 120 gold pieces
 45987 | Vaults:1 | Found Ulef's Antique Armour Shop.
 46882 | Vaults:2 | Reached XP level 20. HP: 114/180 MP: 9/28
 47638 | Vaults:2 | Received a gift from Trog
 47977 | Vaults:2 | Found a staircase to the Crypt.
 48092 | Vaults:2 | Paralysed by a hornet for 2 turns
 48097 | Vaults:2 | Received a gift from Trog
 48246 | Vaults:2 | Found Iruar's General Store.
 48592 | Vaults:3 | Reached ****** piety under Trog
 48640 | Vaults:3 | Received a gift from Trog
 49091 | Vaults:3 | Noticed Bai Suzhen
 49130 | Vaults:3 | Killed Bai Suzhen
 49429 | Vaults:3 | Reached XP level 21. HP: 171/190 MP: 9/29
 49980 | Vaults:3 | Received a gift from Trog
 51072 | Vaults:3 | Upgraded the game from 0.21-a0-331-gfb491b4 to 0.21-a0-338-g36cf2fc
 51883 | Vaults:4 | Received a gift from Trog
 52739 | Vaults:4 | Received a gift from Trog
 53144 | Depths:1 | Entered Level 1 of the Depths
 53295 | Depths:1 | Found a gateway to Hell.
 53405 | Depths:1 | Reached XP level 22. HP: 162/200 MP: 10/30
 53980 | Depths:1 | Found Mostig's One-of-a-Kind Books.
 54414 | Depths:1 | Paralysed by a great orb of eyes for 4 turns
 54489 | Depths:1 | Received a gift from Trog
 55783 | Depths:2 | Got a pitted graven amulet
 55866 | Depths:2 | Received a gift from Trog
 55956 | Depths:2 | Found a one-way gate leading to the halls of Pandemonium.
 56221 | Depths:2 | Identified a scroll of acquirement
 56464 | Depths:2 | Received a gift from Trog
 56553 | Depths:2 | Noticed a golden dragon
 56953 | Depths:2 | Killed a golden dragon
 57043 | Depths:2 | Identified the amulet of the Chupacabra {Reflect rPois Int+3 SH+3} (You found it on level 2 of the Depths)
 57338 | Depths:3 | Found a magical portal.
 57343 | WizLab   | Entered Wucad Mu's Monastery
 57839 | Depths:3 | Reached XP level 23. HP: 209/209 MP: 31/31
 58016 | Depths:3 | Received a gift from Trog
 58533 | Depths:3 | Got a faintly glowing ivory ring
 58534 | Depths:3 | Identified the ring of Lies {MR+ Str+5 Stlth+} (You acquired it on level 3 of the Depths)
 58537 | Depths:3 | Identified the ring "Namaeron" {rPois rF- MP+9 EV+4} (You took it off a frost giant on level 3 of the Depths)
 58618 | Depths:3 | Found a one-way gate to the infinite horrors of the Abyss.
 59236 | Depths:4 | Found a gateway to a ziggurat.
 59268 | Depths:4 | Noticed Xtahua
 59284 | Depths:4 | Killed Xtahua
 59290 | Depths:4 | Noticed Mennas
 59601 | Depths:4 | Killed Mennas
 59975 | Depths:4 | Received a gift from Trog
 60301 | Depths:4 | Reached XP level 24. HP: 141/219 MP: 28/31
 60366 | Depths:4 | Reached skill level 15 in Dodging
 60736 | Depths:4 | Noticed Sojobo
 60809 | Depths:4 | Killed Sojobo
 61413 | Depths:4 | Found a portal to a secret trove of treasure.
 61780 | Depths:5 | Entered Level 5 of the Depths
 61919 | Depths:5 | Found Ezafijom's Jewellery Shop.
 62444 | Depths:5 | Noticed a juggernaut
 62472 | Depths:5 | Noticed a juggernaut
 62500 | Depths:5 | Killed a juggernaut
 62607 | Depths:5 | Received a gift from Trog
 62670 | Depths:5 | Found the +7 sceptre of Torment
 63081 | Depths:5 | Killed a juggernaut
 63085 | Depths:5 | Noticed a caustic shrike
 63091 | Depths:5 | Killed a caustic shrike
 63149 | Depths:5 | Got a sparkling platinum ring
 63162 | Depths:5 | Found Waidgh's Book Shoppe.
 63217 | Depths:5 | Found a gate to the Realm of Zot.
 63303 | Depths:5 | Identified the ring "Muedesu" {rPois rC- rN+ Int+2} (You found it on level 5 of the Depths)
 63524 | Depths:5 | Reached XP level 25. HP: 165/229 MP: 10/32
 63542 | Depths:5 | Identified the ring of Ric Xeba {Str+3 Dex-5 SInv} (You found it on level 5 of the Depths)
 63543 | Depths:5 | Identified the cursed ring "Beqey" {+Inv rPois MR- Str+3 Int-5} (You found it on level 5 of the Depths)
 64069 | Vaults:5 | Entered Level 5 of the Vaults
 64094 | Vaults:5 | Received a gift from Trog
 65164 | Vaults:5 | Received a gift from Trog
 65649 | Vaults:5 | Reached XP level 26. HP: 96/239 MP: 34/34
 66032 | Vaults:5 | Found Kuichogh's Antique Armour Shop.
 66042 | Vaults:5 | Found Xasiuk's Jewellery Emporium.
 66104 | Vaults:5 | Reached skill level 15 in Evocations
 66774 | Vaults:5 | Found Oshry's Assorted Antiques.
 66896 | Vaults:5 | Found Wiasiung's Distillery.
 66898 | Vaults:5 | Got a silver rune of Zot
 66961 | Vaults:5 | Found Illao's Distillery.
 66973 | Vaults:5 | Found Raonalem's Magic Scroll Shoppe.
 66977 | Vaults:5 | Bought a scroll of enchant armour for 150 gold pieces
 66977 | Vaults:5 | Bought a scroll of enchant armour for 150 gold pieces
 66977 | Vaults:5 | Bought a scroll of enchant armour for 150 gold pieces
 66977 | Vaults:5 | Bought a scroll of enchant weapon for 150 gold pieces
 67435 | Depths:3 | Voluntarily entered the Abyss.
 67791 | Abyss:4  | Received a gift from Trog
 68031 | Abyss:4  | Gained mutation: You occasionally shout uncontrollably at your foes. [a neqoxec]
 68042 | Abyss:4  | Found a corrupted altar of Lugonu.
 68082 | Abyss:4  | Found a corrupted altar of Lugonu.
 68388 | Abyss:4  | Paralysed by accursed screaming for 2 turns
 68396 | Abyss:4  | Paralysed by accursed screaming for 2 turns
 68401 | Abyss:4  | Received a gift from Trog
 68416 | Abyss:4  | Reached skill level 27 in Fighting
 68432 | Abyss:4  | Got an abyssal rune of Zot
 68653 | Depths:3 | Escaped the Abyss
 69189 | Slime:1  | Entered Level 1 of the Pits of Slime
 69193 | Slime:1  | Reached XP level 27. HP: 241/249 MP: 35/35
 69214 | Slime:2  | Gained mutation: You do not regenerate when monsters are visible. [a shining eye]
 69217 | Slime:2  | Noticed Dissolution
 69222 | Slime:2  | Paralysed by a floating eye for 4 turns
 69236 | Slime:2  | Paralysed by a floating eye for 2 turns
 69263 | Lair:6   | Killed Dissolution
 69292 | Lair:5   | Lost mutation: You occasionally shout uncontrollably at your foes. [potion of mutation]
 69292 | Lair:5   | Lost mutation: You do not regenerate when monsters are visible. [potion of mutation]
 69292 | Lair:5   | Gained mutation: Scrolls take you a little longer to read. [potion of mutation]
 69292 | Lair:5   | Gained mutation: You tend to lose your temper in combat. [potion of mutation]
 69292 | Lair:5   | Gained mutation: Your magical capacity is low. (-10% MP) [potion of mutation]
 69292 | Lair:5   | Gained mutation: Your flesh is cold resistant. (rC+) [potion of mutation]
 69293 | Lair:5   | Lost mutation: Scrolls take you a little longer to read. [potion of mutation]
 69293 | Lair:5   | Lost mutation: Your magical capacity is low. (-10% MP) [potion of mutation]
 69293 | Lair:5   | Gained mutation: You have a pair of small horns on your head. [potion of mutation]
 69293 | Lair:5   | Gained mutation: You are weak. (Str -2) [potion of mutation]
 69293 | Lair:5   | Gained mutation: Your movements are slightly less encumbered by armour. (ER -2) [potion of mutation]
 69383 | Spider:1 | Lost mutation: You have a pair of small horns on your head. [potion of mutation]
 69383 | Spider:1 | Lost mutation: Your flesh is cold resistant. (rC+) [potion of mutation]
 69383 | Spider:1 | Gained mutation: You have a beak for a mouth. [potion of mutation]
 69586 | Orc:2    | Bought a potion of mutation for 104 gold pieces
 69586 | Orc:2    | Lost mutation: You tend to lose your temper in combat. [potion of mutation]
 69586 | Orc:2    | Lost mutation: You are weak. (Str -2) [potion of mutation]
 69586 | Orc:2    | Lost mutation: You have a beak for a mouth. [potion of mutation]
 69586 | Orc:2    | Gained mutation: You tend to lose your temper in combat. [potion of mutation]
 69586 | Orc:2    | Lost mutation: You tend to lose your temper in combat. [potion of mutation]
 69899 | Slime:5  | Entered Level 5 of the Pits of Slime
 70159 | Slime:5  | Received a gift from Trog
 70236 | Slime:5  | Noticed the Royal Jelly
 70540 | Slime:5  | Gained mutation: You are clumsy. (Dex -2) [a shining eye]
 70545 | Slime:5  | Gained mutation: Your muscles are strong. (Str +2) [a shining eye]
 70582 | Slime:4  | Gained mutation: Scrolls take you a little longer to read. [a shining eye]
 70840 | Slime:5  | Gained mutation: You occasionally shout uncontrollably at your foes. [a shining eye]
 70843 | Slime:5  | Gained mutation: You do not regenerate when monsters are visible. [a shining eye]
 71586 | Slime:5  | Reached skill level 27 in Armour
 71604 | Slime:5  | Gained mutation: Scrolls take you longer to read. [a shining eye]
 71605 | Slime:5  | Gained mutation: Scrolls take you much longer to read. [a shining eye]
 71614 | Slime:5  | Gained mutation: You are dopey. (Int -2) [a shining eye]
 71618 | Slime:5  | Gained mutation: You are somewhat resistant to further mutation. [a shining eye]
 72015 | Slime:5  | Gained mutation: You tend to lose your temper in combat. [a shining eye]
 72522 | Slime:5  | Found a viscous altar of Jiyva.
 73913 | Slime:5  | Killed the Royal Jelly
 73915 | Slime:5  | HP: 15/372 [acid[the Royal Jelly] (6)]
 73916 | Slime:5  | HP: 6/372 [acid[the Royal Jelly] (7)]
 73916 | Slime:5  | Mangled by an azure jelly

Vault maps used:
D:1:      noname_arrival_rooms_in_the_neighbourhood, minmay_tall_x
D:2:      cheibriados_altar_1, uniq_jessica
D:3:      st_stairs_4
D:4:      kennysheep_vampire_church, amethyst_killhole, grunt_tough_drop
D:5:      yredelemnul_forgotten_temple_becter, minmay_temple_entry_statues,
          first_bread, basic_altar, uniq_duvessa, uniq_pikel, uniq_eustachio,
          uniq_edmund
D:6:      overflow_temple_1_default, kennysheep_little_box, enter_ossuary_1,
          uniq_sigmund
D:7:      nicolae_overflow_crystal_walls,
          nicolae_gozag_cash_rules_everything_around_me,
          overflow_temple_1_default, nicolae_overflow_hidden_temple, trog_book,
          uniq_crazy_yiuf_cottage, uniq_menkaure
D:8:      minitemple
D:9:      gammafunk_temple_overflow_arena, lemuel_round_altar,
          minmay_orc_entry_guard_dogs, special_room
D:10:     dpeg_lair_monsters, serial_shops, shop, hangedman_little_slice_of_home
D:11:     tso_metal_star
D:12:     serial_shops, kennysheep_mini, kennysheep_generic_room_11
D:13:     lemuel_ogre_cave, david_vaults_5
D:14:     uniq_sonja
D:15:     grunt_enter_depths_giant_problem, hangedman_abyss_or_decor_stabs
Lair:1:   beast_lair_carwin_large_1, enter_volcano_2, serial_bayou_shore_b
Lair:2:   st_stairs_11, minmay_lair_oklob_chamber
Lair:3:   minmay_shoals_entry_beasts, spider_nest_entry_web_field
Lair:4:   kb_forest_paths, kennysheep_abandoned_house
Lair:5:   lab_entry_generic
Lair:6:   minmay_lair_end_frog_pond, slime_altar_1, nicolae_lair_yak_garden
Shoals:2: serial_shops, bzr_in_the_mist, shop, nicolae_shop_behind_doors,
          nicolae_shoals_hunting_party
Shoals:4: shoals_end_hangedman, shoals_ilsuiw_ice
Spider:1: einodemon_crawler_minivault, uniq_aizul, uniq_azrael
Spider:2: spiders_nest_a, nicolae_spider_cling_ruins,
          nicolae_spider_cling_halls, uniq_arachne
Spider:4: grunt_spider_rune_circles, spider_trap, nicolae_spider_shape,
          uniq_louise
Slime:1:  cheibrodos_slime_lost_civilization_4
Slime:2:  uniq_dissolution
Slime:4:  cheibrodos_slime_lost_civilization_5
Orc:1:    uniq_josephine, uniq_fannar, uniq_harold, uniq_urug
Orc:2:    st_orc_pillars, basic_altar, uniq_snorg
Vaults:1: vaults_mumra_bighexcomb, ontoclasm_vaults_ring_large,
          vaults_standard_mumra_x, vaults_standard_mumra_enter_the_diamond,
          nicolae_vaults_ring_of_whatevers, v_misc_28, serial_shops, shop,
          nicolae_shop_stone, shop, shop, uniq_nikola
Vaults:2: minmay_crypt_entry_simple_plaza, dpeg_vaults_waves,
          vaults_dpeg_diagonal, v_alt_pattern_6, nicolae_vaults_sealed_display,
          v_misc_27, ontoclasm_vaults_ring_square, hangedman_vaults_locks,
          vaults_dpeg_ring, ontoclasm_vaults_ring_square, vaults_room_hallway,
          v_misc_17, serial_shops, shop
Vaults:3: hangedman_vaults_stitches, nicolae_vaults_alarming,
          hangedman_vaults_stretched_pinwheel, nicolae_vaults_c_with_doors,
          vaults_room_boxed, v_alt_pattern_1, nicolae_vaults_little_squares_1,
          ontoclasm_vaults_shuriken, v_misc_12, nicolae_vaults_yaktaur_gun_rack,
          grunt_vaults_hallway_short, vaults_standard_mumra_enter_the_diamond,
          uniq_bai_suzhen
Vaults:4: hangedman_vaults_cutoff, vaults_room_stairs_pillars,
          ontoclasm_vaults_pinch, ontoclasm_vaults_ring_square,
          nicolae_vaults_three_branches, dpeg_vaults_monster_row, v_pattern_1,
          v_misc_1, nicolae_vaults_circle_grid_a, v_misc_29,
          nicolae_vaults_little_squares_6, vaults_dpeg_encased_lava,
          vaults_room_stairs_pillars, nicolae_vaults_circle_grid_a
Vaults:5: serial_shops
Depths:1: serial_bayou_pond_b, hell_entry, nicolae_rare_books
Depths:2: minmay_the_grid_octo_tiled_octocenter, grunt_hell_horde, pan_entry,
          st_stairs_11, minmay_orc_keep, infiniplex_staircase_hallway_doors
Depths:3: grunt_house_of_mirrors, infiniplex_enter_wizlab_spiral, abyss_entry,
          hangedman_decor_push, pan_entry, hellmouth_1
Depths:4: dpeg_oklob_gauntlet, enter_ziggurat_c, enter_trove_6,
          grunt_pan_entry_spiral, grunt_hell_entry_dis_grunt, abyss_entry,
          minmay_staircase_bubble, serial_bayou_shore_b, uniq_xtahua,
          uniq_sojobo, uniq_mennas
Depths:5: hangedman_spin_cycle, pan_entry, hell_entry
Abyss:1:  hangedman_abyss_or_decor_jellyfish_corner
Abyss:3:  minivault_19
Abyss:4:  evilmike_abyss_exit_12, minivault_23, grunt_abyss_exit_deep_breaths
Lab:      lab_block, nicolae_lab_hexagon, nicolae_lab_starburst,
          nicolae_lab_very_dead_end, labyrinth_lava_lair, lab_statue,
          nicolae_lab_do_over, labyrinth_skeletal_remains,
          labyrinth_baited_teleportation_trap, nicolae_lab_arrow
Ossuary:  minmay_ossuary_two_tombs
Volcano:  volcano_lake
WizLab:   wizlab_wucad

Skill      XL: |  1  2  3  4  5  6  7  8  9 10 11 12 13 14 15 16 17 18 19 20 21 22 23 24 25 26 27 |
---------------+----------------------------------------------------------------------------------+-----
Long Blades    | 4 5 7 9 11 12 13 14 16 18 20 22 24 | 24.0
Fighting       | 4 5 6 7 8 10 11 12 14 15 16 17 18 20 21 22 23 24 25 26 27 | 27.0
Armour         | 3 6 8 10 12 13 14 16 17 19 20 21 22 23 24 25 26 27 | 27.0
Evocations     | 2 6 9 10 11 13 14 16 17 | 17.6
Dodging        | 3 6 9 11 13 14 16 17 18 19 | 19.9

Action                   |  1- 3 |  4- 6 |  7- 9 | 10-12 | 13-15 | 16-18 | 19-21 | 22-24 | 25-27 || total
-------------------------+-------+-------+-------+-------+-------+-------+-------+-------+-------++-------
Melee: Falchion          |    79 |   197 |   614 |    30 |       |       |       |       |       ||   920
       Long sword        |       |       |       |   835 |       |       |       |       |       ||   835
       Scimitar          |       |       |       |    22 |   412 |       |       |       |       ||   434
       Demon blade       |       |       |       |       |   958 |  1185 |       |       |       ||  2143
       Great sword       |       |       |       |       |       |   791 |  1360 |       |       ||  2151
       Triple sword      |       |       |       |       |       |       |   346 |  1370 |  1394 ||  3110
Throw: Stone             |     8 |    18 |    39 |   162 |   209 |   144 |    53 |    30 |     3 ||   666
       Tomahawk          |       |    21 |    35 |       |       |       |       |       |       ||    56
       Javelin           |       |       |       |       |       |       |       |    43 |    25 ||    68
Invok: Berserk           |       |     1 |     6 |     4 |     6 |     6 |       |       |       ||    23
       Trog's Hand       |       |       |     8 |     7 |    16 |    30 |    18 |    14 |    25 ||   118
       Burn Spellbooks   |       |       |       |     3 |       |       |     5 |       |       ||     8
       Brothers in Arms  |       |       |       |     1 |     1 |     7 |     4 |     3 |    17 ||    33
 Abil: Hop               |     1 |       |       |     1 |     3 |     5 |     2 |     1 |     3 ||    16
       Evoke Flight      |       |       |       |       |     1 |       |       |       |       ||     1
       Evoke Invisibilit |       |       |       |       |       |       |       |     2 |     1 ||     3
Evoke: Wand              |       |       |       |    17 |     9 |     5 |     5 |    16 |     1 ||    53
       Lamp of fire      |       |       |       |       |       |     3 |     1 |     1 |     2 ||     7
       Phial of floods   |       |       |       |       |       |     2 |       |       |       ||     2
       Box of beasts     |       |       |       |       |       |     1 |     2 |       |       ||     3
       Sack of spiders   |       |       |       |       |       |       |       |     1 |     3 ||     4
  Use: Scroll            |       |     6 |     7 |    15 |    19 |     9 |     8 |     9 |    11 ||    84
       Potion            |       |       |       |     5 |     2 |     1 |     1 |       |    17 ||    26
 Stab: Confused          |       |       |       |     8 |     2 |       |       |       |       ||    10
       Distracted        |       |       |       |       |       |     3 |     5 |     4 |     2 ||    14
       Held in net/web   |       |       |       |       |       |       |       |     1 |       ||     1
       Invisible         |       |       |       |       |       |       |       |     2 |     3 ||     5
       Paralysed         |       |       |       |       |       |       |       |     2 |       ||     2
  Eat: Chunk             |     1 |    10 |    15 |    24 |    34 |    40 |    54 |    35 |    20 ||   233
       Fruit             |       |       |     4 |       |     5 |    19 |     8 |     3 |    21 ||    60
       Royal jelly       |       |       |     1 |       |       |       |       |       |       ||     1
       Meat ration       |       |       |       |     3 |     4 |     5 |       |       |     4 ||    16
Armor: Animal skin       |    21 |     2 |       |       |       |       |       |       |       ||    23
       Leather armour    |       |    15 |       |       |       |       |       |       |       ||    15
       Ring mail         |       |    33 |     7 |       |       |       |       |       |       ||    40
       Chain mail        |       |       |   257 |     1 |       |       |       |       |       ||   258
       Plate armour      |       |       |       |   410 |   706 |  1622 |   785 |   216 |       ||  3739
       Skin              |       |       |       |    67 |       |       |       |       |       ||    67
       Gold dragon scale |       |       |       |       |       |       |       |   604 |   947 ||  1551
Dodge: Dodged            |    50 |   126 |   212 |   246 |   621 |  2020 |  1299 |   962 |  1284 ||  6820
Block: Other             |       |       |       |       |       |       |       |    87 |   149 ||   236
       Reflection        |       |       |       |       |       |       |       |     3 |     1 ||     4
       Rpst.: Falchion   |    16 |    49 |    68 |     2 |       |       |       |       |       ||   135
       Long sword        |       |       |       |    73 |       |       |       |       |       ||    73
       Scimitar          |       |       |       |     1 |    41 |       |       |       |       ||    42
       Demon blade       |       |       |       |       |    99 |   245 |       |       |       ||   344
       Great sword       |       |       |       |       |       |   173 |   222 |       |       ||   395
       Triple sword      |       |       |       |       |       |       |    68 |   208 |   237 ||   513

Table legend:
 A = Spawn XP
 B = Non-spawn XP
 C = Spawn XP percentage of total XP
 D = Spawn monster count
 E = Non-spawn monster count
 F = Spawn count percentage of total count
 G = Total turns spent on level
                    A         B        C        D         E        F      G
               +---------+---------+-------+---------+---------+-------+---------
         Total |   83616 | 1282065 |   6.1 |     133 |    2373 |   5.3 | 73916
               +---------+---------+-------+---------+---------+-------+---------
           D:1 |       0 |      79 |   0.0 |       0 |      21 |   0.0 |  1165
           D:2 |       0 |     120 |   0.0 |       0 |      26 |   0.0 |  1057
           D:3 |       0 |     328 |   0.0 |       0 |      25 |   0.0 |   934
           D:4 |       0 |     468 |   0.0 |       0 |      20 |   0.0 |  1076
           D:5 |       0 |    1407 |   0.0 |       0 |      19 |   0.0 |  1034
           D:6 |       0 |     510 |   0.0 |       0 |      14 |   0.0 |   462
           D:7 |       0 |     555 |   0.0 |       0 |       5 |   0.0 |   404
           D:8 |       0 |    3518 |   0.0 |       0 |      33 |   0.0 |  1112
           D:9 |       0 |    7726 |   0.0 |       0 |      60 |   0.0 |  1736
          D:10 |       0 |    4805 |   0.0 |       0 |      56 |   0.0 |  1130
          D:11 |       0 |    5653 |   0.0 |       0 |      38 |   0.0 |  1303
          D:12 |       0 |    3834 |   0.0 |       0 |      26 |   0.0 |  1183
          D:13 |       0 |   16745 |   0.0 |       0 |      49 |   0.0 |  2302
          D:14 |       0 |   17613 |   0.0 |       0 |      40 |   0.0 |  2050
          D:15 |       0 |   13285 |   0.0 |       0 |      30 |   0.0 |  1303
        Lair:1 |       0 |    3227 |   0.0 |       0 |      17 |   0.0 |  1085
        Lair:2 |       0 |    4939 |   0.0 |       0 |      11 |   0.0 |  1594
        Lair:3 |       0 |   18448 |   0.0 |       0 |      56 |   0.0 |  2640
        Lair:4 |       0 |   13983 |   0.0 |       0 |      57 |   0.0 |  1651
        Lair:5 |       0 |    4725 |   0.0 |       0 |      22 |   0.0 |  1037
        Lair:6 |       0 |   32876 |   0.0 |       0 |      76 |   0.0 |  1601
      Shoals:1 |       0 |     751 |   0.0 |       0 |       1 |   0.0 |   645
      Shoals:2 |       0 |   18172 |   0.0 |       0 |      41 |   0.0 |  1532
      Shoals:3 |       0 |   13994 |   0.0 |       0 |      24 |   0.0 |  1577
      Shoals:4 |       0 |   32398 |   0.0 |       0 |      55 |   0.0 |  2619
      Spider:1 |       0 |   16393 |   0.0 |       0 |      54 |   0.0 |  1097
      Spider:2 |       0 |   35192 |   0.0 |       0 |      94 |   0.0 |  2666
      Spider:3 |       0 |   16629 |   0.0 |       0 |      48 |   0.0 |  1466
      Spider:4 |       0 |   35923 |   0.0 |       0 |      60 |   0.0 |  1951
       Slime:1 |       0 |    8023 |   0.0 |       0 |       7 |   0.0 |    56
       Slime:2 |       0 |    5399 |   0.0 |       0 |       5 |   0.0 |    29
       Slime:3 |       0 |    8440 |   0.0 |       0 |       9 |   0.0 |    37
       Slime:4 |       0 |   17056 |   0.0 |       0 |      42 |   0.0 |  2855
       Slime:5 |       0 |   56616 |   0.0 |       0 |      58 |   0.0 |  1199
         Orc:1 |       0 |    5773 |   0.0 |       0 |      34 |   0.0 |   789
         Orc:2 |       0 |   17835 |   0.0 |       0 |      87 |   0.0 |  1924
      Vaults:1 |       0 |   38944 |   0.0 |       0 |      72 |   0.0 |  2153
      Vaults:2 |       0 |   73847 |   0.0 |       0 |     118 |   0.0 |  2255
      Vaults:3 |       0 |   86136 |   0.0 |       0 |     119 |   0.0 |  2635
      Vaults:4 |       0 |   44983 |   0.0 |       0 |      79 |   0.0 |  1798
      Vaults:5 |       0 |  184524 |   0.0 |       0 |     166 |   0.0 |  3003
      Depths:1 |       0 |   42484 |   0.0 |       0 |      57 |   0.0 |  1600
      Depths:2 |       0 |   70920 |   0.0 |       0 |      77 |   0.0 |  2600
      Depths:3 |    2163 |   82681 |   2.5 |       1 |      74 |   1.3 |  3336
      Depths:4 |       0 |   70349 |   0.0 |       0 |      69 |   0.0 |  1589
      Depths:5 |       0 |  117257 |   0.0 |       0 |     101 |   0.0 |  1907
       Abyss:1 |    4851 |    2838 |  63.1 |       5 |       6 |  45.5 |   189
       Abyss:3 |     392 |     751 |  34.3 |       2 |       4 |  33.3 |    85
       Abyss:4 |   76210 |   16006 |  82.6 |     125 |      45 |  73.5 |   927
           Lab |       0 |    2397 |   0.0 |       0 |      11 |   0.0 |   241
       Ossuary |       0 |     600 |   0.0 |       0 |      39 |   0.0 |   559
       Volcano |       0 |    3910 |   0.0 |       0 |      16 |   0.0 |   623
               +---------+---------+-------+---------+---------+-------+---------
